Zazza, neutral female human Tourist ----------- -------------- #......{...| |............| --------------- #|.........| |............| #..............| #|.........| ##.............| #|.............| #|..>......| # |............| #|.............| #|.........| # -.------------ #-----|--------- #-------.--- # #### # # ### ######### # # # # # # # ### # # # ### # # # ## # # # ## # -.----------- # -----------|---############# #######-...........| # |.............|fB -----.------ -----# |...........| # |..............d@ |..........| |.._|# |...........| ---------# |.............|# |...........######|....# |...........| |........# |.............|# |......{...| #....| |...........| |.)<....| |..............# ------------ |...| ------------- --------- --------------- ----- Zazza the Rambler Experience level: 1 Strength: 9 Dexterity: 11 Constitution: 16 Intelligence: 14 Wisdom: 10 Charisma: 18 Health: 0(12) Energy: 2(2) Def: 2 Gold: 1264 Moves: 1795 Dungeon seed: i7rjSZQtNTrGQIZy Game ID: Zazza_1599413600 Your Inventory: Coins $ - 1264 gold pieces Weapons a - 31 +2 darts R - a +0 sling S - a blessed +0 sling Armor e - an uncursed +0 Hawaiian shirt (being worn) y - a blessed +1 helm of brilliance (being worn) Comestibles b - an uncursed egg d - 6 uncursed food rations q - 3 uncursed tripe rations T - an uncursed egg Scrolls j - 4 uncursed scrolls of magic mapping p - an uncursed scroll of identify s - an uncursed scroll of blank paper M - an uncursed scroll of enchant armor Spellbooks E - an uncursed spellbook of force bolt F - an uncursed spellbook of detect food G - an uncursed spellbook of identify Potions i - 2 uncursed potions of extra healing r - an uncursed potion of polymorph z - an uncursed potion of levitation K - an uncursed potion of see invisible L - a potion of unholy water O - an uncursed potion of sickness Q - an uncursed potion of gain ability V - an uncursed potion of gain energy W - a cursed potion of invisibility Rings A - a cursed ring of polymorph X - an uncursed ring of polymorph control Wands P - a wand of probing (0:2) Tools k - an expensive camera (0:82) l - an uncursed credit card x - an uncursed stethoscope Gems n - an uncursed worthless piece of violet glass N - 2 uncursed worthless pieces of white glass Spells and supernatural/magical abilities: Name Level Category Fail Memory W - pray for help -- divine ? -- Your skills at the end: Fighting Skills Weapon Skills dart [Basic] Spellcasting Skills Final Attributes: You were nominally aligned. You are dead. Vanquished creatures: a hobbit a large kobold a giant rat 7 jackals a kobold 3 goblins 3 sewer rats 11 grid bugs 2 lichens 2 kobold zombies 4 newts 36 creatures vanquished. Voluntary challenges: You never hit with a wielded weapon. You read items or engraved 6 times, starting on turn 116. You never genocided any monsters. You never polymorphed an object. You never changed form. You used no wishes. You never split a pudding. You wrote Elbereth's name 2 times, starting on turn 916. You never violated your personal moral code. Dungeon overview: The Dungeons of Doom: levels 1 to 4 Level 1 a sink a long staircase Level 2 a general store Level 3 a fountain Level 4 <- You were here an altar to Offler, some fountains History has recorded: On T:1 you entered the Dungeons of Doom to retrieve the Amulet of Yendor! On T:179 you reached level 2 of The Dungeons of Doom. On T:1234 you reached level 3 of The Dungeons of Doom. On T:1366 you reached level 4 of The Dungeons of Doom. Score breakdown: Gold: 337 ( 8602 points) Experience: 1 level ( 0 points) Exploration: 4 levels ( 8.33%) ( 7579 points) Discoveries: 7 items ( 2.35%) ( 4597 points) Valuables value: (no points given unless you survive) Artifact value: 0 ( 0 points) Variety of kills: 11 monsters ( 2.89%) ( 5097 points) Turncount: 1795 turns ( 0 points) Survival: died (score multiplied by 80%) Total score: 20700 Latest messages: (You can name a scroll labeled ELAM EBOW from the item naming menu.) Your movements are now unencumbered. You displace Armand. You are now wearing an iron ring. You take off your iron ring. Armand misses the kobold zombie. Armand bites the kobold zombie. The kobold zombie is destroyed! You stop. Armand is in the way! You displace Armand. The large kobold hits! You hit the large kobold. The large kobold hits! Armand bites the large kobold. The large kobold is killed! You miss the jackal. The jackal bites! You die... Final status: Aloha Zazza the Tourist, killed by a jackal... You died in The Dungeons of Doom on dungeon level 4 with 20700 points, and 1264 pieces of gold, after 1795 moves. You were level 1 with a maximum of 12 hit points when you died.